 Dungeon Crawl Stone Soup version 0.16.1-11-g651b585 (webtiles) character file.

947 karlm the Sneak (level 7, 0/49 HPs)
             Began as a High Elf Hunter on Apr 6, 2015.
             Was a Believer of Okawaru.
             Slain by Duvessa
             ... wielding a +0 short sword
              (11 damage)
             ... on level 7 of the Dungeon.
             The game lasted 00:18:29 (6041 turns).

karlm the Sneak (High Elf Hunter)                   Turns: 6041, Time: 00:18:30

Health: 0/49       AC:  7    Str: 12    XL:     7   Next: 89%
Magic:  10/12      EV: 18    Int: 17    God:    Okawaru [**....]
Gold:   184        SH:  0    Dex: 15    Spells: 0 memorised, 6 levels left

rFire  . . .     SeeInvis .     b - +2 hand crossbow
rCold  . . .     Clarity  .     h - +3 leather armour (curse)
rNeg   . . .     SustAb   +     (no shield)
rPois  .         Gourm    .     (no helmet)
rElec  .         Spirit   .     (no cloak)
rCorr  .         Warding  .     (no gloves)
rMut   .         Stasis   .     y - +0 pair of boots
MR     .....                    (no amulet)
Stlth  +++++.....               (no ring)
                                B - ring of sustain abilities

@: heroism, not resistant to hostile enchantments, quite stealthy
A: no striking features
a: Heroism, Renounce Religion


You were on level 7 of the Dungeon.
You worshipped Okawaru.
Okawaru was pleased with you.
You were hungry.

You visited 2 branches of the dungeon, and saw 7 of its levels.
You also visited: Sewer.

You collected 184 gold pieces.

Inventory:

Hand weapons
 a - a +0 short sword
 b - a +2 hand crossbow (weapon)
Missiles
 c - 46 bolts (quivered)
 w - a throwing net
 D - 3 tomahawks
Armour
 h - a cursed +3 leather armour (worn)
 o - a +0 ring mail of fire resistance
 y - a +0 pair of boots (worn)
Jewellery
 B - a ring of sustain abilities (left hand)
Scrolls
 e - a scroll of noise {unknown}
 j - a scroll of enchant weapon
 k - 2 scrolls of remove curse
 l - a scroll of random uselessness
 p - 3 scrolls of teleportation
 q - a scroll of recharging
 r - a scroll of amnesia
 t - a scroll of immolation
 z - a scroll of blinking
 A - a scroll of enchant armour {unknown}
 C - a scroll of identify
Potions
 d - 4 potions of might {unknown}
 i - a potion of degeneration {unknown}
 m - 2 potions of lignification {unknown}
 s - 3 potions of brilliance {unknown}
 u - 3 potions of heal wounds {unknown}
 x - 2 potions of magic {unknown}
Comestibles
 f - 4 bread rations
 n - a meat ration
 v - a beef jerky


   Skills:
 + Level 4.9(9.9) Fighting
 - Level 1.3(6.3) Short Blades
 - Level 4.0(9.0) Crossbows
 + Level 5.9(10.9) Dodging
 + Level 6.8(11.8) Stealth


You had 6 spell levels left.
You didn't know any spells.

Dungeon Overview and Level Annotations

Branches:
Dungeon (7/15)             Temple (1/1) D:4

Altars:
Ashenzari
Dithmenos
Elyvilon
Fedhas
Gozag
Kikubaaqudgha
Makhleb
Nemelex Xobeh
Okawaru
Qazlal
Ru
Sif Muna
Trog
Vehumet
Xom
Yredelemnul
Zin
The Shining One

Annotations:
D:5 BobbyTwoHands' ghost, average DsWz
D:7 Duvessa


Message History

It was a potion of curing.
You feel better. Duvessa hits you with a short sword.
* * * LOW HITPOINT WARNING * * *
Firing (i - inventory. (,) - cycle):
c - 47 bolts (quivered)
Press: ? - help, Shift-Dir - straight line, f/p - Duvessa
Aim: Duvessa, wielding a short sword (moderately wounded, berserk, fast, unusually strong)
You shoot a bolt. The bolt hits Duvessa.
Duvessa is moderately wounded.
Duvessa closely misses you. Duvessa misses you.
Drink which item? (? for menu, Esc to quit)
You feel better. Duvessa hits you with a short sword!
* * * LOW HITPOINT WARNING * * *
Duvessa barely misses you.
Use which ability? (? or * to list)
You gain the combat prowess of a mighty hero.
You feel slightly more hungry. Duvessa closely misses you.
Drink which item? (? for menu, Esc to quit)
You feel better. Duvessa barely misses you.
Duvessa hits you with a short sword!
You die...

....## (.. ......## (.
........###(#
........(.#(e#
..........#.#
............#
............(## #
#.......†...e#######...
#..........##@((......#
##........####..(.#####
##......## #.####
####...# #.# ##.. #####
#.###...... ##.........
###..........
##...........
#............


You could see Duvessa (berserk).

Vanquished Creatures
  Menkaure (D:4)
  A sky beast (D:7)
  A phantom (D:4)
  A big kobold (Sewer)
  Blork the orc (D:4)
  A scorpion (D:5)
  Dowan (D:7)
  A goliath beetle (D:7)
  A giant frog skeleton (D:4)
  A giant frog zombie (D:5)
  An orc priest (D:4)
  A hound (D:7)
  An iguana (D:4)
  An orc wizard (D:4)
  A worker ant (D:5)
  2 hound skeletons (D:4)
  4 adders
  A river rat (Sewer)
  5 giant mites
  2 worms (D:2)
  An adder skeleton (D:4)
  An adder zombie (D:1)
  3 giant geckos
  4 oozes
  6 orcs
  9 bats
  8 giant cockroaches
  10 hobgoblins
  8 jackals
  14 kobolds
  5 ball pythons
  8 giant newts
  15 goblins
  A jackal zombie (D:1)
  11 rats
133 creatures vanquished.

Notes
Turn   | Place    | Note
--------------------------------------------------------------
     0 | D:1      | karlm, the High Elf Hunter, began the quest for the Orb.
     0 | D:1      | Reached XP level 1. HP: 14/14 MP: 2/2
    51 | D:1      | Reached skill level 1 in Short Blades
   124 | D:1      | Reached XP level 2. HP: 17/19 MP: 3/3
  1016 | D:1      | Reached XP level 3. HP: 21/24 MP: 5/5
  2098 | D:2      | Reached XP level 4. HP: 20/29 MP: 7/7
  3015 | D:3      | Found an iron altar of Okawaru.
  3016 | D:3      | Found a glowing silver altar of Zin.
  3020 | D:3      | Became a worshipper of Warmaster Okawaru
  3614 | D:4      | Reached XP level 5. HP: 32/35 MP: 8/8
  3652 | D:4      | Noticed a phantom
  3660 | D:4      | Killed a phantom
  3660 | D:4      | Reached skill level 5 in Stealth
  3701 | D:4      | Reached XP level 6. HP: 28/42 MP: 10/10
  3759 | D:4      | Acquired Okawaru's first power
  3893 | D:4      | Found a staircase to the Ecumenical Temple.
  3930 | Temple   | Entered the Ecumenical Temple
  4059 | D:4      | Noticed Menkaure
  4065 | D:4      | Killed Menkaure
  4160 | D:4      | Found a glowing drain.
  4197 | Sewer    | Entered a sewer
  4444 | Sewer    | Reached XP level 7. HP: 46/48 MP: 12/12
  4536 | Sewer    | Reached skill level 6 in Stealth
  4958 | D:4      | Noticed Blork the orc
  4988 | D:4      | Killed Blork the orc
  4988 | D:4      | Reached skill level 5 in Dodging
  5423 | D:5      | Entered Level 5 of the Dungeon
  5580 | D:5      | Noticed BobbyTwoHands' ghost (average DsWz)
  5836 | D:5      | You fall through a shaft for 2 floors!
  6013 | D:7      | Noticed Dowan
  6017 | D:7      | Noticed Duvessa
  6034 | D:7      | Killed Dowan
  6041 | D:7      | Slain by Duvessa

Action                   |  1- 3 |  4- 6 |  7- 9 || total
-------------------------+-------+-------+-------++-------
Melee: Short sword       |   209 |   126 |    86 ||   421
 Fire: Hand crossbow     |    26 |    75 |    65 ||   166
Invok: Heroism           |       |       |     1 ||     1
  Use: Scroll            |     4 |     5 |       ||     9
       Potion            |       |       |     3 ||     3
 Stab: Sleeping          |     4 |     5 |     1 ||    10
       Distracted        |     1 |       |       ||     1
  Eat: Chunk             |     4 |     7 |     3 ||    14
       Royal jelly       |       |       |     1 ||     1
